 Dungeon Sprint DCSS version 0.31.0-12-g77e489cdc1 (webtiles) character file.

Game seed: 12598557812506753787

53746 Heoruswealwe the Minotaur Porcupine (level 14, -19/157 HPs)
             Began as a Minotaur Fighter on Feb 21, 2024.
             Was an Initiate of Gozag.
             Killed from afar by a fire giant (54 damage)
             ... with a fireball
             ... in the Dungeon (Sprint IX: "|||||||||||||||||||||||||||||") on Feb 22, 2024.
             The game lasted 00:35:44 (4160 turns).

Heoruswealwe the Minotaur Porcupine (MiFi)          Turns: 4160, Time: 00:35:47

Health: -19/157    AC: 26    Str: 29    XL:     14   Next: 32%
Magic:  22/22      EV: 22    Int:  2    God:    Gozag
Gold:   1884       SH:  0    Dex: 10    Spells: 13/13 levels left

rFire   . . .        b - +7 glaive "Jellybane" {freeze, rCorr}
rCold   . . .        (shield currently unavailable)
rNeg    . . .        c - +0 plate armour {Will+}
rPois   +            (helmet restricted)
rElec   .            (no cloak)
rCorr   +            f - +1 pair of gloves
SInv    +            e - +1 pair of boots
Will    ++...        (no amulet) Stlth
                     k - ring of the Hare {EV+10}
HPRegen 0.46/turn    j - ring "Yklir" {rPois MP+9 Str+3 Int-3 SInv}
MPRegen 0.18/turn

%: no teleportation
@: gold aura
A: horns 2, retaliatory headbutt
a: Renounce Religion, Potion Petition, Call Merchant, Bribe Branch


You were in the Dungeon.
You worshipped Gozag.
Gozag was most pleased with you.
You visited 1 branch You collected 15559 gold pieces.
You spent 6663 gold pieces at shops.
You paid 7012 gold pieces to Gozag.

Inventory:

Hand Weapons
 a - a +0 trident
 b - the +7 glaive "Jellybane" (weapon) {freeze, rCorr}
   (You bought it in a shop in the Dungeon)

   rCorr:     It protects you from acid and corrosion.
 l - a +2 bardiche
 A - the +7 Spriggan's Knife {stab, EV+4 Stlth+}
   (You bought it in a shop in the Dungeon)

   Stab:      It is more effective when stabbing unaware enemies, sometimes
   treating them as though they were completely helpless.
   EV+4:      It affects your evasion (+4).
   Stlth+:    It makes you more stealthy.
 B - the +6 arbalest "Damnation" {damnation}
   (You bought it in a shop in the Dungeon)
 C - the +5 demon whip "Spellbinder" {antimagic, disrupt, Will+}
   (You bought it in a shop in the Dungeon)

   Will+:     It increases your willpower.
Armour
 c - a +0 plate armour of willpower (worn)
 d - a +0 kite shield
 e - a +1 pair of boots (worn)
 f - a +1 pair of gloves (worn)
Jewellery
 j - the ring "Yklir" (right hand) {rPois MP+9 Str+3 Int-3 SInv}
   (You bought it in a shop in the Dungeon)

   [ring of see invisible]

   Str+3:     It affects your strength (+3).
   Int-3:     It affects your intelligence (-3).
   rPois:     It protects you from poison MP+9: It affects your magic capacity
   (+9).
   SInv:      It lets you see invisible.
 k - the ring of the Hare (left hand) {EV+10}
   (You bought it in a shop in the Dungeon)

   [ring of evasion]

   EV+10:     It affects your evasion (+10).
Wands
 h - a wand of iceblast (10)
Scrolls
 n - 3 scrolls of blinking
 p - 8 scrolls of identify
 s - 3 scrolls of enchant armour
Potions
 g - a potion of haste
 m - a potion of might
 r - 2 potions of curing
 t - a potion of resistance


   Skills:
 + Level 23.3 Fighting
 O Level 27 Polearms
 + Level 23.3 Armour
 + Level 12.0 Dodging
 + Level 13.6 Shields
 + Level 8.5 Shapeshifting


You had 13 spell levels left.
You didn't know any spells.
Your spell library contained the following spells:

 Spells                   Type           Power      Damage    Failure   Level
 Call Imp                 Summ           0%         N/A       98%         2
 Sublimation of Blood     Necr           0%         N/A       98%         2
 Summon Hydra             Summ           0%         N/A       100%        7


Dungeon Overview and Level Annotations

Branches:
Dungeon (1/1)

Altars:
Cheibriados
Dithmenos
Elyvilon
Fedhas
Gozag
Hepliaklqana
Kikubaaqudgha
Makhleb
Nemelex Xobeh
Okawaru
Qazlal
Ru
Sif Muna
Trog
Uskayaw
Vehumet
Wu Jian
Xom
Yredelemnul
Zin
The Shining One
Jiyva
Lugonu

Shops:
D ((([((=(=[


Innate Abilities, Weirdness & Mutations

You have a pair of horns on your head.
You reflexively headbutt those who attack you in melee.


Message History

The stone giant throws a large rock.
The large rock misses you. The stone giant completely misses you.
There is a broken door to the Dungeon, spattered with blood here.
Things that are here:
306 gold pieces; a +0 robe You slash the stone giant!
You freeze the stone giant.
The stone giant is moderately wounded.
The stone giant hits you but does no damage.
You barely miss the stone giant. You headbutt the stone giant!
The stone giant is moderately wounded.
You slash the stone giant! You freeze the stone giant.
The stone giant is heavily wounded.
The stone giant completely misses you.
You hit the stone giant but do no damage.
You headbutt the stone giant.
The stone giant is heavily wounded.
The stone giant hits you but does no damage.
You hit the stone giant but do no damage.
The stone giant is heavily wounded.
You slice the stone giant!! You freeze the stone giant.
The stone giant is almost dead.
The stone giant misses you. You furiously retaliate!
You headbutt the stone giant. You slice the stone giant!!
You freeze the stone giant.
You kill the stone giant!
Your Dodging skill increases to level 12!
You hit the fire giant. You freeze the fire giant.
The fire giant is lightly wounded.
You slice the fire giant!! You freeze the fire giant!
You headbutt the fire giant!
The fire giant is heavily wounded.
The fire giant misses you. You furiously retaliate!
You headbutt the fire giant. You slice the fire giant!!
You freeze the fire giant. You headbutt the fire giant.
You kill the fire giant!
The fire giant casts a spell at you.
The fireball explodes!
The fireball engulfs you!!!
You die...
Your body crumbles into a pile of gold.

,,,,,,,,,,,,+,,,,,,,,,,,,,+,,,,,,
*********************************
,,,,,,,,,,,,,,,,,,,,,,,,,,,,,,,,,
*********************************
,,,,,,,,,,,,,,,,,,,,,+,,,,,,,,,,,
*********************************
,,,,,,,,,,,,,,,,,,,,,,,,,,,,,,,,,
*********▓▓▓▓▓▓▓▓▓▓▓▓▓▓▓▓▓▓▓▓▓▓▓▓
,,,,,,,,,....HC$@................
▓▓▓▓▓▓▓▓▓▓▓▓▓▓▓▓▓▓▓▓▓▓▓▓▓▓▓▓▓▓▓▓▓
.................................
▓▓▓▓▓▓▓▓▓♣♣♣♣♣♣♣♣♣♣▓▓▓▓▓▓▓▓▓▓▓▓▓▓
.......)'.........'..............
▓▓▓▓▓▓▓▓▓♣♣♣♣♣♣♣♣♣♣▓▓▓▓▓▓▓▓▓▓▓▓▓▓
.........".......................
▓▓▓▓▓▓▓▓▓▓▓▓▓▓▓▓▓▓▓▓▓▓▓▓▓▓▓▓▓▓▓▓▓
.?[[[[.[[[.[))))))).===='........


You could see a fire giant and a sphinx.

Vanquished Creatures
  A golden dragon (D)
  Rupert (D)
  2 sphinxes (D)
  Kirke (D)
  A fire giant (D)
  2 frost giants (D)
  A very ugly thing (D)
  A stone giant (D)
  A vampire knight (D)
  2 dire elephants (D)
  A bunyip (D)
  4 ettins (D)
  A fire dragon (D)
  2 hydras (D)
  An ice dragon (D)
  2 spriggan air magi (D)
  An anaconda (D)
  Erica (D)
  2 ogre magi (D)
  A merfolk avatar (D)
  3 alligators (D)
  3 centaur warriors (D)
  A radroach (D)
  2 boulder beetles (D)
  A tengu warrior (D)
  An occultist (D)
  A spriggan berserker (D)
  A naga sharpshooter (D)
  Sonja (D)
  A pharaoh ant (D)
  2 iron trolls (D)
  A mana viper (D)
  A skeletal warrior (D)
  5 deep trolls (D)
  A naga ritualist (D)
  A glowing orange brain (D)
  A swamp dragon (D)
  2 orc knights (D)
  A sun moth (D)
  A steelbarb worm (D)
  A necromancer (D)
  2 cyclopes (D)
  A will-o-the-wisp (D)
  3 manticores (D)
  7 elephants (D)
  A merfolk siren (D)
  A meliai (shapeshifter) (D)
  4 black mambas (D)
  Joseph (D)
  A torpor snail (D)
  A gargoyle (D)
  A naga mage (D)
  3 cane toads (D)
  3 komodo dragons (D)
  Psyche (D)
  A troll (D)
  2 tyrant leeches (D)
  A tarantella (D)
  A hornet (D)
  2 merfolk (D)
  A wind drake (D)
  A dream sheep (D)
  A jumping spider (D)
  2 snapping turtles (D)
  2 basilisks (D)
  A culicivora (D)
  Eustachio (D)
  A wyvern (D)
  3 yaks (D)
  2 hogs (D)
  3 humans (D)
  A vampire mosquito (D)
  A redback (D)
  2 water moccasins (D)
  12 orc warriors (D)
  2 centaurs (D)
  4 bullfrogs (D)
  2 killer bees (D)
  A bombardier beetle (D)
  4 orc priests (D)
  A hound (D)
  An iguana (D)
  2 orc wizards (D)
  7 orcs (D)
  2 ball pythons (D)
  2 goblins (D)
  A rat (D)
161 creatures vanquished.

Notes
Turn   | Place    | Note
-------+----------+-------------------------------------------
     0 | D        | Heoruswealwe the Minotaur Fighter began the quest for the
                  | Orb.
     0 | D        | Reached XP level 1. HP: 19/19 MP: 0/0
     2 | D        | Banished a spatial maelstrom
     7 | D        | Reached skill level 3 in Polearms
    24 | D        | Noticed an iguana
    24 | D        | Noticed a bombardier beetle
    24 | D        | Noticed a hound
    24 | D        | Noticed a centaur
    29 | D        | Killed a centaur
    30 | D        | Reached skill level 7 in Polearms
    30 | D        | Reached XP level 2. HP: 14/30 MP: 1/1
    30 | D        | Reached XP level 3. HP: 17/37 MP: 2/2
    30 | D        | Reached XP level 4. HP: 21/44 MP: 3/3
    33 | D        | Reached skill level 8 in Polearms
    37 | D        | Reached XP level 5. HP: 27/52 MP: 4/4
    42 | D        | Reached skill level 9 in Polearms
    47 | D        | Found a snail-covered altar of Cheibriados.
    47 | D        | Found a shadowy altar of Dithmenos.
    47 | D        | Found a white marble altar of Elyvilon.
    47 | D        | Found a blossoming altar of Fedhas.
    47 | D        | Found an opulent altar of Gozag.
    48 | D        | Found a hazy altar of Hepliaklqana.
    49 | D        | Found a viscous altar of Jiyva.
    50 | D        | Found an ancient bone altar of Kikubaaqudgha.
    51 | D        | Found a corrupted altar of Lugonu.
    52 | D        | Found a burning altar of Makhleb.
    53 | D        | Found a sparkling altar of Nemelex Xobeh.
    54 | D        | Found an iron altar of Okawaru.
    55 | D        | Became a worshipper of Gozag Ym Sagoz the Greedy
    56 | D        | Found a stormy altar of Qazlal.
    57 | D        | Found a sacrificial altar of Ru.
    58 | D        | Found a shimmering blue altar of Sif Muna.
    59 | D        | Found a bloodstained altar of Trog.
    60 | D        | Found a hide-covered altar of Uskayaw.
    61 | D        | Found a radiant altar of Vehumet.
    62 | D        | Found an ornate altar of the Wu Jian Council.
    63 | D        | Found a shimmering altar of Xom.
    64 | D        | Found a basalt altar of Yredelemnul.
    65 | D        | Found a glowing silver altar of Zin.
    66 | D        | Found a glowing golden altar of the Shining One.
   128 | D        | Noticed a yak
   128 | D        | Noticed a centaur
   128 | D        | Noticed a hornet
   128 | D        | Noticed a yak
   130 | D        | Reached skill level 10 in Polearms
   135 | D        | Killed a yak
   136 | D        | Reached skill level 11 in Polearms
   136 | D        | Reached XP level 6. HP: 59/63 MP: 5/5
   144 | D        | Paralysed by a hornet for 2 turns
   149 | D        | Killed a hornet
   150 | D        | Reached skill level 13 in Polearms
   150 | D        | Reached XP level 7. HP: 45/71 MP: 6/6
   153 | D        | Reached skill level 10 in Fighting
   153 | D        | Reached skill level 10 in Armour
   157 | D        | Killed a yak
   158 | D        | Reached skill level 14 in Polearms
   261 | D        | Noticed a boulder beetle
   261 | D        | Noticed a vampire mosquito
   261 | D        | Noticed a cyclops
   261 | D        | Noticed a centaur warrior
   261 | D        | Noticed a gargoyle
   264 | D        | Killed a gargoyle
   265 | D        | Reached skill level 15 in Polearms
   265 | D        | Reached XP level 8. HP: 72/82 MP: 7/7
   273 | D        | Killed a centaur warrior
   274 | D        | Reached skill level 16 in Polearms
   280 | D        | Killed a cyclops
   281 | D        | Reached skill level 17 in Polearms
   281 | D        | Reached XP level 9. HP: 90/92 MP: 8/8
   318 | D        | Killed a boulder beetle
   319 | D        | Reached skill level 18 in Polearms
   559 | D        | Noticed a komodo dragon
   559 | D        | Noticed a cane toad
   562 | D        | Killed a cane toad
   570 | D        | Noticed a cane toad
   576 | D        | Killed a komodo dragon
   577 | D        | Reached skill level 19 in Polearms
   598 | D        | Killed a cane toad
   599 | D        | Reached XP level 10. HP: 86/104 MP: 9/9
   680 | D        | Noticed a cane toad
   680 | D        | Noticed an elephant
   686 | D        | Killed an elephant
   690 | D        | Reached skill level 20 in Polearms
   692 | D        | Reached skill level 15 in Armour
   696 | D        | Reached skill level 15 in Fighting
   703 | D        | Killed a cane toad
   860 | D        | Noticed an elephant
   860 | D        | Noticed an elephant
   860 | D        | Noticed a dire elephant
   860 | D        | Noticed an elephant
   860 | D        | Noticed an elephant
   860 | D        | Noticed an elephant
   861 | D        | Noticed a dire elephant
   870 | D        | Killed an elephant
   871 | D        | Reached skill level 21 in Polearms
   878 | D        | Killed a dire elephant
   885 | D        | Killed a dire elephant
   886 | D        | Reached XP level 11. HP: 81/114 MP: 10/10
   890 | D        | Reached skill level 22 in Polearms
   989 | D        | Noticed Joseph
   997 | D        | Killed Joseph
  1318 | D        | Noticed an orc knight
  1322 | D        | Reached skill level 23 in Polearms
  1327 | D        | Noticed an orc knight
  1346 | D        | Killed an orc knight
  1361 | D        | Killed an orc knight
  1453 | D        | Found Meogrud's Magic Scroll Boutique.
  1453 | D        | Noticed a deep troll
  1453 | D        | Noticed an ogre mage
  1453 | D        | Noticed a deep troll
  1453 | D        | Noticed a deep troll
  1453 | D        | Noticed an ogre mage
  1455 | D        | Noticed an iron troll
  1460 | D        | Killed an ogre mage
  1460 | D        | Noticed an ettin
  1467 | D        | Killed a deep troll
  1468 | D        | Reached skill level 24 in Polearms
  1470 | D        | Killed a deep troll
  1481 | D        | Noticed a deep troll
  1488 | D        | Killed an iron troll
  1499 | D        | HP: 2/119 [ettin/+0 dire flail (19)]
  1501 | D        | Killed an ettin
  1501 | D        | Paralysed by something for 2 turns
  1517 | D        | Killed an ogre mage
  1523 | D        | Killed a deep troll
  1524 | D        | Reached skill level 25 in Polearms
  1524 | D        | Reached XP level 12. HP: 66/128 MP: 11/11
  1731 | D        | Found Xejoenogge's Antique Armour Shop.
  1735 | D        | Found Nemezarph's Jewellery Boutique.
  1739 | D        | Found Kagaanwa's Antique Weapon Shop.
  1743 | D        | Noticed an ettin
  1773 | D        | Noticed an ettin
  1774 | D        | Killed an ettin
  1788 | D        | Killed an ettin
  1885 | D        | Bought a scroll of revelation for 90 gold pieces
  1885 | D        | Bought a scroll of poison for 48 gold pieces
  1885 | D        | Bought a scroll of identify for 24 gold pieces
  1885 | D        | Bought a scroll of identify for 24 gold pieces
  1885 | D        | Bought a scroll of identify for 24 gold pieces
  1885 | D        | Bought a scroll of identify for 24 gold pieces
  1885 | D        | Bought a scroll of fog for 48 gold pieces
  1885 | D        | Bought a scroll of identify for 24 gold pieces
  1885 | D        | Bought a scroll of enchant armour for 90 gold pieces
  1885 | D        | Bought a scroll of vulnerability for 48 gold pieces
  2521 | D        | Bought the ring of the Hare {EV+10} for 1664 gold pieces
  2521 | D        | Found the ring of the Hare {EV+10}
  2554 | D        | Bought the +7 Spriggan's Knife {stab, EV+4 Stlth+} for 1017
                  | gold pieces
  2554 | D        | Found the +7 Spriggan's Knife {stab, EV+4 Stlth+}
  2559 | D        | Bought a runed glaive for 332 gold pieces
  2566 | D        | Bought the +6 arbalest "Damnation" {damnation} for 880 gold
                  | pieces
  2566 | D        | Found the +6 arbalest "Damnation" {damnation}
  2566 | D        | Bought the +5 demon whip "Spellbinder" {antimagic, disrupt,
                  | Will+} for 908 gold pieces
  2566 | D        | Found the +5 demon whip "Spellbinder" {antimagic, disrupt,
                  | Will+}
  2570 | D        | Bought the +7 glaive "Jellybane" {freeze, rCorr} for 652
                  | gold pieces
  2654 | D        | Noticed Psyche
  2659 | D        | Killed Psyche
  2675 | D        | Noticed Sonja
  2680 | D        | Killed Sonja
  2681 | D        | Reached skill level 26 in Polearms
  2798 | D        | Bought the ring "Yklir" {rPois MP+9 Str+3 Int-3 SInv} for
                  | 766 gold pieces
  3021 | D        | Noticed a boulder beetle
  3021 | D        | Noticed a six-headed hydra
  3021 | D        | Noticed a centaur warrior
  3021 | D        | Noticed a centaur warrior
  3024 | D        | Killed a centaur warrior
  3026 | D        | Killed a boulder beetle
  3029 | D        | Killed a centaur warrior
  3032 | D        | Noticed a cyan very ugly thing
  3036 | D        | Killed a seven-headed hydra
  3037 | D        | Noticed a tengu warrior
  3038 | D        | Noticed an ice dragon
  3043 | D        | Killed a cyan very ugly thing
  3046 | D        | Reached skill level 27 in Polearms
  3050 | D        | Reached skill level 1 in Dodging
  3052 | D        | Noticed a fire dragon
  3055 | D        | Killed a tengu warrior
  3056 | D        | Reached skill level 1 in Shapeshifting
  3058 | D        | Killed an ice dragon
  3059 | D        | Reached skill level 5 in Shields
  3072 | D        | Killed a fire dragon
  3074 | D        | Noticed an ettin
  3084 | D        | Killed an ettin
  3085 | D        | Reached XP level 13. HP: 75/141 MP: 12/12
  3353 | D        | Noticed Kirke
  3359 | D        | Noticed Erica
  3367 | D        | Noticed a sphinx
  3370 | D        | Killed Kirke
  3371 | D        | Reached skill level 5 in Dodging
  3380 | D        | Killed Erica
  3438 | D        | Noticed Rupert
  3450 | D        | Killed Rupert
  3523 | D        | Noticed a bunyip
  3536 | D        | Killed a bunyip
  3540 | D        | Reached skill level 5 in Shapeshifting
  3642 | D        | Reached skill level 10 in Shields
  3937 | D        | Reached skill level 10 in Dodging
  4016 | D        | Noticed Eustachio
  4019 | D        | Killed Eustachio
  4098 | D        | Noticed a frost giant
  4098 | D        | Noticed a sphinx
  4098 | D        | Noticed a frost giant
  4099 | D        | Noticed a golden dragon
  4102 | D        | Killed a frost giant
  4103 | D        | Reached XP level 14. HP: 132/155 MP: 13/13
  4113 | D        | Noticed a vampire knight
  4115 | D        | Killed a sphinx
  4125 | D        | Killed a golden dragon
  4125 | D        | Noticed a sphinx
  4126 | D        | Killed a frost giant
  4135 | D        | Noticed a stone giant
  4138 | D        | Noticed a fire giant
  4139 | D        | Killed a vampire knight
  4140 | D        | Noticed a fire giant
  4144 | D        | Noticed a sphinx
  4147 | D        | Killed a sphinx
  4157 | D        | Killed a stone giant
  4160 | D        | Killed a fire giant
  4160 | D        | Killed from afar by a fire giant

Illustrated notes

Levels and vault maps discovered:
D:        linesprint [early_d, line_temple, items_1, d_10, items_2, lair_1,
          lair_end, items_3, orc_1, orc_end, items_4, d_15, swamp_1, shoals_1,
          snake_1, spider_1, d_20, vaults_1, items_5, swamp_end, shoals_end,
          snake_end, spider_end, vaults_end, d_27, items_6, zot_1, zot_end,
          crypt_end, forest_end, elf_end, slime_end, tomb_end, abyss_end,
          pan_hell_end]

Skill      XL: |  1  2  3  4  5  6  7  8  9 10 11 12 13 14 |
---------------+-------------------------------------------+-----
Polearms       | 7 8 11 13 15 17 19 21 25 27 | 27.0
Fighting       | 6 7 9 11 12 14 16 18 20 22 23 | 23.3
Armour         | 6 7 9 11 12 14 16 18 20 22 23 | 23.3
Dodging        | 4 10 12 | 12.0
Shields        | 6 12 13 | 13.6
Shapeshifting  | 2 7 8 |  8.5

Action                     |  1- 3 |  4- 6 |  7- 9 | 10-12 | 13-15 || total
---------------------------+-------+-------+-------+-------+-------++-------
  Melee: Trident           |    15 |    10 |       |       |       ||    25
         Headbutt          |     2 |     3 |    19 |    65 |    46 ||   135
         Halberd           |       |    15 |    72 |   284 |       ||   371
         Glaive            |       |       |       |    43 |   185 ||   228
 Invoke: Call Merchant     |       |       |       |     4 |     3 ||     7
    Use: Potion            |       |     5 |     1 |     8 |     3 ||    17
         Scroll            |       |       |       |     1 |     2 ||     3
   Stab: Distracted        |       |       |       |     4 |     1 ||     5
 Armour: Scale mail        |    13 |    25 |    35 |    52 |       ||   125
         Plate armour      |       |       |       |   137 |    81 ||   218
  Dodge: Dodged            |     9 |    17 |    24 |   133 |   100 ||   283
  Block: Buckler           |     4 |     2 |       |       |       ||     6
